 Dungeon Crawl Stone Soup version 0.29.0-13-gc9e81de378 (webtiles) character file.

Game seed: 13910278025678787496

32 gelatine the Firebug (level 3, -2/24 HPs)
             Began as a Demonspawn Fire Elementalist on Sept 7, 2022.
             Slain by a goblin
             ... wielding a +0 club
             ... led by Robin
              (5 damage)
             ... on level 2 of the Dungeon.
             The game lasted 00:03:27 (1423 turns).

gelatine the Firebug (Demonspawn Fire Elementalist) Turns: 1423, Time: 00:03:28

Health: -2/24      AC:  2    Str:  8    XL:     3   Next: 8%
Magic:  3/6        EV: 12    Int: 18    God:
Gold:   48         SH:  0    Dex: 13    Spells: 5/6 levels left

rFire   . . .      SeeInvis .   c - +0 whip (venom)
rCold   . . .      Faith    .   (no shield)
rNeg    . . .      Spirit   .   a - +0 robe
rPois   .          Reflect  .   (no helmet)
rElec   .          Harm     .   (no cloak)
rCorr   .          Rampage  .   (no gloves)
Will    .....                   (no boots)
Stlth   ++........              (no amulet)
HPRegen 0.08/turn               (no ring)
MPRegen 0.10/turn               (no ring)

@: no status effects
A: weakness stinger 1
a: no special abilities


You were on level 2 of the Dungeon.
You visited 1 branch of the dungeon, and saw 2 of its levels.

You collected 48 gold pieces.

Inventory:

Hand Weapons
 c - a +0 whip of venom (weapon)
 f - a +0 dagger
Armour
 a - a +0 robe (worn)
Scrolls
 g - a scroll of teleportation {unknown}
 i - a scroll of amnesia {unknown}
 j - a scroll of blinking {unknown}
 k - a scroll of enchant weapon {unknown}
 l - a scroll of vulnerability {unknown}
Potions
 b - 2 potions of magic
 d - a potion of might {unknown}
 e - a potion of curing {unknown}
 h - a potion of degeneration {unknown}


   Skills:
 + Level 2.0 Dodging
 + Level 2.0 Stealth
 + Level 2.3 Spellcasting
 + Level 1.1 Conjurations
 + Level 3.2 Fire Magic


You had 5 spell levels left.
You knew the following spells:

 Your Spells              Type           Power      Damage    Failure   Level
a - Foxfire               Conj/Fire      40%        2x1d6     7%          1

Your spell library contained the following spells:

 Spells                   Type           Power      Damage    Failure   Level
 Scorch                   Fire           26%        2d6       7%          2
 Conjure Flame            Conj/Fire      10%        6-21      22%         3
 Inner Flame              Hex/Fire       7%         N/A       26%         3
 Flame Wave               Conj/Fire      10%        2d6       56%         4


Dungeon Overview and Level Annotations

Branches:
Dungeon (2/15)

Altars:

Shops:
D:1 *

Annotations:
D:2 Robin


Innate Abilities, Weirdness & Mutations

You have a small tail.


Message History

A goblin comes into view. It is wielding a +0 dagger.
The foxfire hits the hobgoblin.
You kill the hobgoblin!
A goblin comes into view. It is wielding a +1 dagger of freezing.
A goblin comes into view. It is wielding a +0 club.
Robin's horned helmet rattles.
Robin throws the goblin at you!
The goblin hits you with a +0 dagger of speed.
You barely miss the goblin. The goblin barely misses you.
Robin says, "A pitiful Demonspawn like you will never find the ORB!"
The goblin shouts!
You hit the goblin.
You kill the goblin!
A goblin comes into view. It is wielding a +0 club. x2
Things that are here:
a +0 dagger of speed; a goblin corpse Robin throws the goblin at you!
The goblin closely misses you.
You barely miss the goblin. Robin throws the goblin at you!
The goblin closely misses you. The goblin barely misses you.
You closely miss the goblin. The goblin closely misses you.
The goblin hits you with a +0 dagger.
A goblin comes into view. It is wielding a +0 dagger.
The rat bites you but does no damage.
You completely miss the goblin.
The goblin shouts!
Your tail-slap misses the goblin.
The goblin barely misses you.
The goblin hits you with a +1 dagger of freezing.
* * * LOW HITPOINT WARNING * * *
The goblin freezes you.
* * * LOW HITPOINT WARNING * * *
The rat closely misses you.
You hit the goblin but do no damage.
The goblin is poisoned.
The goblin misses you. The goblin hits you but does no damage.
The rat bites you.
* * * LOW HITPOINT WARNING * * *
Unknown command.
You completely miss the goblin.
Robin says, "Feeling lonely?"
The goblin hits you with a +0 club.
You die...

#.#........#........
#.#......#.#..#.####
#.#.##.#.#.#..#.#
#........#.#..#.#
#...##.#.#.#..#
#...##.###.#..#.####g
##..........#..#.......
#.....#.#####..#...g...
##......g@g...g...gg..#
##..#.#ggr.#.#.#.....#
##......gg#...g......
#.#.#....)g#.#.....#
#........#..........
#........#....##.##
#........#.##.#
#........#.. .#
#........##. .#


You could see Robin, 8 goblins and a rat.

Vanquished Creatures
  A dart slug (D:1)
  2 ball pythons (D:1)
  A bat (D:1)
  An endoplasm (D:1)
  A giant cockroach (D:1)
  6 goblins
  6 hobgoblins
  2 frilled lizards (D:1)
  4 kobolds
  3 rats (D:1)
27 creatures vanquished.

Vanquished Creatures (collateral kills)
  9 foxfires (D:1)
9 creatures vanquished.

Vanquished Creatures (others)
  80 foxfires
  4 plants (D:1)
84 creatures vanquished.

Grand Total: 120 creatures vanquished

Notes
Turn   | Place    | Note
-------+----------+-------------------------------------------
     0 | D:1      | gelatine the Demonspawn Fire Elementalist began the quest
                  | for the Orb.
     0 | D:1      | Reached XP level 1. HP: 13/13 MP: 3/3
   199 | D:1      | Gained mutation: You have a small tail. [demonic ancestry]
   199 | D:1      | Reached XP level 2. HP: 19/19 MP: 0/5
   317 | D:1      | Reached skill level 3 in Fire Magic
  1164 | D:1      | Found Xiorgh's General Store.
  1408 | D:2      | Noticed Robin
  1410 | D:2      | Reached XP level 3. HP: 24/24 MP: 2/6
  1423 | D:2      | Slain by a goblin

Illustrated notes

Levels and vault maps discovered:
D:1:      dpeg_arrival_morbid_curiosity, layout_rooms, serial_bayou,
          serial_bayou_crossing, serial_bayou_shore_a, serial_bayou_pond_b,
          serial_bayou_pond_b, serial_bayou_pond_b, serial_shops,
          nicolae_shop_behind_doors
D:2:      minmay_chambers_of_ones, layout_basic,
          shapermc_ecumenical_altar_ellora, serial_glass, glass_columns_a,
          glass_columns_a, glass_columns_b, glass_columns_a, glass_columns_c,
          glass_columns_a, glass_columns_a, glass_columns_b, glass_columns_c,
          glass_columns_a, glass_columns_a, glass_columns_a, glass_columns_a,
          glass_columns_a, item_on_display_a, uniq_crazy_yiuf_cottage,
          uniq_robin

Skill      XL: |  1  2 |
---------------+-------+-----
Stealth        | 2 |  2.0
Dodging        | 2 |  2.0
Fire Magic     | 3 |  3.2
Spellcasting   | |  2.3
Conjurations   | |  1.1

Action                   || total
-------------------------++-------
Melee: Unarmed           ||    13
       Tailslap          ||     3
       Whip              ||     7
 Cast: Foxfire           ||    52
Armor: Robe              ||     7
Dodge: Dodged            ||    25
